 Dungeon Crawl Stone Soup version 0.28.0 (webtiles) character file.

Game seed: 11099532671146216747

19 RepoMan the Skirmisher (level 2, -4/24 HPs)
             Began as a Mummy Cinder Acolyte on Feb 16, 2022.
             Slain by a fire elemental (16 damage)
             ... created by the fiery vengeance of Ignis
             ... on level 1 of the Dungeon.
             The game lasted 00:03:15 (626 turns).

RepoMan the Skirmisher (Mummy Cinder Acolyte)        Turns: 626, Time: 00:03:17

Health: -4/24      AC:  2    Str: 17    XL:     2   Next: 55%
Magic:  5/5        EV: 11    Int: 13    God:
Gold:   16         SH:  0    Dex:  7    Spells: 4/6 levels left

rFire   x . .      SeeInvis .   a - -1 spear (flame)
rCold   + . .      Faith    .   (no shield)
rNeg    + + +      Spirit   .   b - +0 robe
rPois   ∞          Reflect  .   (no helmet)
rElec   .          Harm     .   (no cloak)
rCorr   .          Rampage  .   (no gloves)
Will    .....                   (no boots)
Stlth   +.........              (no amulet)
HPRegen 0.08/turn               (no ring)
MPRegen 0.09/turn               (no ring)

@: confused
A: cold resistance 1, negative energy resistance 3, torment resistance 2, heat
vulnerability 1, no potions
a: no special abilities


You were on level 1 of the Dungeon.
You visited 1 branch of the dungeon, and saw 1 of its levels.

You collected 16 gold pieces.

Inventory:

Hand Weapons
 a - a -1 spear of flaming (weapon)
 e - a +0 hunting sling
Missiles
 g - a javelin (quivered)
Armour
 b - a +0 robe (worn)
Scrolls
 c - 2 scrolls of teleportation {unknown}
 d - 2 scrolls of vulnerability {unknown}
 f - a scroll of identify {unknown}
 h - a scroll of fog {unknown}


   Skills:
 + Level 3.5 Fighting
 - Level 2.4 Polearms
 + Level 2.5 Spellcasting
 - Level 2.4 Fire Magic


You had 4 spell levels left.
You knew the following spells:

 Your Spells              Type           Power      Damage    Failure   Level
r - Scorch                Fire           14%        2d6       14%         2

Your spell library contained the following spells:

 Spells                   Type           Power      Damage    Failure   Level


Dungeon Overview and Level Annotations

Branches:
Dungeon (1/15)

Altars:


Innate Abilities, Weirdness & Mutations

You are immune to poison.
Your flesh is cold resistant. (rC+)
You are immune to negative energy. (rN+++)
You are immune to unholy pain and torment.
You are vulnerable to heat. (rF-)
You do not drink.


Message History

The endoplasm hits you.
Flames lash the endoplasm.
The endoplasm is burned terribly!
You kill the endoplasm!
You start resting.
HP restored.
You start resting.
Magic restored.
Found a faded altar of an unknown god.
A rat comes into view.
Reach: a) -1 spear (flame)
Press: ? - help, Dir - move target, f - rat
Aim: a rat (about 44% to evade your -1 spear of flaming)
You reach to attack!
You puncture the rat! You burn the rat.
You kill the rat!
d - 2 scrolls labelled SUJATWEMURCH (gained 1)
Found a stone staircase leading down.
There is a stone staircase leading down here.
You now have 16 gold pieces (gained 13).
Found 2 puce potions. "These will know how to inflict the punishment due to you!"
The divine experience confuses you!
You are confused. 2 fire elementals come into view.
Unknown command.
You're too confused to move!
Unknown command.
Unknown command.
You're too confused to cast spells.
Non-targeted confused throw: 3 javelins
Press: ? - help, Q - select action, (/) - cycle Dir - look around, f - activate You throw a javelin.
The fire elemental hits you. The fire elemental burns you!
The fire burns you terribly!
Ouch! That really hurt!
Non-targeted confused throw: 2 javelins
Press: ? - help, Q - select action, (/) - cycle Dir - look around, f - activate You throw a javelin.
The fire elemental hits you. The fire elemental burns you!
The fire burns you terribly!
Ouch! That really hurt!
You die...

#################.#
#..........).......
#.##.!............. #.
#.#############.
######.##.#...#########.
!.(.....................
##...##.#.....#########.
#......(E°..........# #.
..##@###.#######.#### #.
#E# #.# #..... # #.# #.#
###### #.# #.# #
###.###.# # #.....#.# #
#.###.#.# #### #.# #.#.#
#... #.###.#.#### #.##


You could see 2 fire elementals.

Vanquished Creatures
  2 endoplasms (D:1)
  2 giant cockroaches (D:1)
  A goblin (D:1)
  3 hobgoblins (D:1)
  A quokka (D:1)
  A ball python (D:1)
  A frilled lizard (D:1)
  3 kobolds (D:1)
  3 rats (D:1)
17 creatures vanquished.

Notes
Turn   | Place    | Note
-------+----------+-------------------------------------------
     0 | D:1      | RepoMan the Mummy Cinder Acolyte began the quest for the
                  | Orb.
     0 | D:1      | Reached XP level 1. HP: 18/18 MP: 2/2
   202 | D:1      | Reached XP level 2. HP: 17/24 MP: 5/5
   205 | D:1      | Learned a level 2 spell: Scorch
   285 | D:1      | Fell from the grace of Ignis
   482 | D:1      | Found a faded altar of an unknown god.
   624 | D:1      | Noticed a fire elemental
   624 | D:1      | Noticed a fire elemental
   626 | D:1      | Slain by a fire elemental

Illustrated notes

Levels and vault maps discovered:
D:1:      dpeg_arrival_line_fractal, layout_loops_ring,
          shapermc_ecumenical_altar_totnotflames

Skill      XL: |  1 |
---------------+----+-----
Spellcasting   | 2 |  2.5
Fighting       | |  3.5
Polearms       | |  2.4
Fire Magic     | |  2.4

Action                   || total
-------------------------++-------
Melee: Spear             ||    30
       Punch             ||     1
Throw: Javelin           ||     4
 Cast: Scorch            ||     5
Invok: Fiery Armour      ||     1
       Renounce Religion ||     1
Armor: Robe              ||     3
Dodge: Dodged            ||     8
